 Dungeon Crawl Stone Soup version 0.21-a0-504-g2eda330 (webtiles) character file.

18 Gwenloh the Poker (level 2, -2/23 HPs)
             Began as a Merfolk Gladiator on Nov 26, 2017.
             Slain by an adder (4 damage)
             ... on level 2 of the Dungeon.
             The game lasted 00:04:34 (535 turns).

Gwenloh the Poker (Merfolk Gladiator)                Turns: 535, Time: 00:04:35

Health: -2/23      AC:  4    Str: 14    XL:     2   Next: 70%
Magic:  2/2        EV: 14    Int:  7    God:
Gold:   35         SH:  0    Dex: 15    Spells: 1/1 levels left

rFire    . . .     SeeInvis .   a - +0 trident
rCold    . . .     Gourm    .   (no shield)
rNeg     . . .     Faith    .   b - +0 leather armour
rPois    .         Spirit   .   c - +0 helmet
rElec    .         Reflect  .   (no cloak)
rCorr    .         Harm     .   (no gloves)
MR       .....                  (no boots)
Stlth    +.........             (no amulet)
HPRegen  0.07/turn              (no ring)
MPRegen  0.08/turn              (no ring)

@: lethally poisoned (-2 -> -15)
A: change form in water, swift swim, stealthy swim
a: no special abilities


You were on level 2 of the Dungeon.
You were not hungry.

You visited 1 branch of the dungeon, and saw 2 of its levels.

You collected 35 gold pieces.

Inventory:

Hand Weapons
 a - a +0 trident (weapon)
Missiles
 d - 2 throwing nets (quivered)
 i - 12 stones
 j - 6 needles of sleeping
Armour
 b - a +0 leather armour (worn)
 c - a +0 helmet (worn)
 k - a +2 shield
Scrolls
 l - a scroll of amnesia {unknown}
 n - a scroll of teleportation {unknown}
Potions
 e - 4 potions of might {unknown}
 h - a potion of curing {unknown}
Comestibles
 f - a bread ration
 g - a chunk of flesh
 m - 2 royal jellies


   Skills:
 + Level 2.6 Fighting
 + Level 4.7 Polearms
 + Level 2.3 Throwing
 + Level 4.3 Dodging


You had one spell level left.
You didn't know any spells.

Dungeon Overview and Level Annotations

Branches:
Dungeon (2/15)

Altars:
Nemelex Xobeh


Message History

You hit the adder.
The adder is severely wounded.
The adder bites you but does no damage.
You hit the adder.
The adder is severely wounded.
The adder misses you. The adder bites you.
* * * LOW HITPOINT WARNING * * *
You are lethally poisoned!
The adder poisons you!
You completely miss the adder.
The adder is severely wounded.
* * * LOW HITPOINT WARNING * * *
You feel sick. The adder bites you.
* * * LOW HITPOINT WARNING * * *
You are more poisoned.
The adder poisons you!
Unknown command.
* * * LOW HITPOINT WARNING * * *
You feel sick. The adder bites you.
You die...

.# .# (# .# .#
.# ##.######
#@.......
#.......S......
###############


You could see an adder.

Vanquished Creatures
  A dart slug (D:1)
  2 giant cockroaches (D:1)
  A goblin (D:1)
  A hobgoblin (D:1)
  6 kobolds (D:1)
  A ball python (D:1)
  3 bats (D:1)
  3 rats (D:1)
18 creatures vanquished.

Notes
Turn   | Place    | Note
-------+----------+-------------------------------------------
     0 | D:1      | Gwenloh the Merfolk Gladiator began the quest for the Orb.
     0 | D:1      | Reached XP level 1. HP: 16/16 MP: 1/1
     2 | D:1      | Noticed a ghoul
     4 | D:1      | Noticed a spriggan
     6 | D:1      | Noticed a naga
     6 | D:1      | Noticed a minotaur
     8 | D:1      | Noticed a demonspawn
    10 | D:1      | Noticed a vine stalker
    10 | D:1      | Noticed a gargoyle
    12 | D:1      | Noticed a formicid
    12 | D:1      | Noticed a centaur
    14 | D:1      | Noticed an elf
    14 | D:1      | Noticed a vampire
    16 | D:1      | Noticed an octopode
    16 | D:1      | Noticed a troll
    18 | D:1      | Noticed a demigod
    18 | D:1      | Noticed a felid
    20 | D:1      | Noticed a tengu
    20 | D:1      | Noticed an ogre
    22 | D:1      | Noticed a dwarf
    22 | D:1      | Noticed a draconian
    24 | D:1      | Noticed a halfling
    24 | D:1      | Noticed a human
    26 | D:1      | Noticed a merfolk
   134 | D:1      | Reached XP level 2. HP: 23/23 MP: 2/2
   324 | D:1      | Found a sparkling altar of Nemelex Xobeh.
   535 | D:2      | Slain by an adder

Vault maps used:
D:1:      kb_arrival_jail, nemelex_diamond_rough_becter
D:2:      minmay_door_path, bh_walls_and_bars

Action                   || total
-------------------------++-------
Melee: Trident           ||    65
Throw: Throwing net      ||     4
Armor: Leather armour    ||    17
Dodge: Dodged            ||    42

Table legend:
 A = Spawn XP
 B = Non-spawn XP
 C = Spawn XP percentage of total XP
 D = Spawn monster count
 E = Non-spawn monster count
 F = Spawn count percentage of total count
 G = Total turns spent on level
                    A         B        C        D         E        F      G
               +---------+---------+-------+---------+---------+-------+---------
         Total |       0 |      27 |   0.0 |       0 |      18 |   0.0 |   535
               +---------+---------+-------+---------+---------+-------+---------
           D:1 |       0 |      27 |   0.0 |       0 |      18 |   0.0 |   516
               +---------+---------+-------+---------+---------+-------+---------
